 Dungeon Crawl Stone Soup version 0.21-a0-135-g8dc100c (webtiles) character file.

5723 grindst0ne the Artisan of Death (level 10, -1/93 HPs)
             Began as a Hill Orc Necromancer on July 17, 2017.
             Was a Priest of Kikubaaqudgha.
             Slain by a yak (10 damage)
             ... on level 9 of the Dungeon.
             The game lasted 00:37:39 (9166 turns).

grindst0ne the Artisan of Death (HONe)              Turns: 9166, Time: 00:37:40

Health: -1/93      AC: 15    Str: 16    XL:     10   Next: 77%
Magic:  3/22       EV: 11    Int: 22    God:    Kikubaaqudgha [***...]
Gold:   147        SH:  0    Dex: 16    Spells: 4/13 levels left

rFire    + . .     SeeInvis .   r - +2 morningstar (flame)
rCold    . . .     Gourm    .   (no shield)
rNeg     . . .     Faith    .   e - +0 ring mail {rF+}
rPois    +         Spirit   .   U - +1 hat of the Lair of Beasts {Regen+ Str+4}
rElec    +         Reflect  .   g - +1 cloak
rCorr    .         Harm     .   l - +0 pair of gloves
MR       .....     Clarity  +   (no boots)
Stlth    +.........             (no amulet)
HPRegen  0.65/turn              M - ring "Huus" {rPois MP+9 Int+4 Dex+5}
MPRegen  0.18/turn              q - +4 ring of protection

@: no status effects
A: horns 1, clarity, deterioration 1, electricity resistance, evolution 1
a: Receive Corpses, Renounce Religion


You were on level 9 of the Dungeon.
You worshipped Kikubaaqudgha.
Kikubaaqudgha was most pleased with you.
You were near starving.

You visited 2 branches of the dungeon, and saw 10 of its levels.
You also visited: Ossuary.

You collected 435 gold pieces.
You spent 288 gold pieces at shops.

Inventory:

Hand Weapons
 r - a +2 morningstar of flaming (weapon)
Missiles
 T - a throwing net (quivered)
Armour
 e - a +0 ring mail of fire resistance (worn)
 g - a +1 cloak (worn)
 l - a +0 pair of gloves (worn)
 o - a +2 helmet
 w - a +2 large shield
 P - a +0 chain mail
 U - the +1 hat of the Lair of Beasts (worn) {Regen+ Str+4}
   (You bought it in a shop on level 7 of the Dungeon)

   It affects your strength (+4).
   It increases your rate of regeneration.
Jewellery
 d - a +3 ring of intelligence
 h - an uncursed ring of see invisible
 q - a +4 ring of protection (right hand)
 t - an uncursed ring of positive energy
 M - the ring "Huus" (left hand) {rPois MP+9 Int+4 Dex+5}
   (You found it on level 6 of the Dungeon)

   [ring of dexterity]

   It affects your intelligence (+4).
   It affects your dexterity (+5).
   It protects you from poison.
   It affects your magic capacity (+9).
Wands
 f - a wand of iceblast (6/15)
 C - a wand of digging (17/24)
 S - a wand of clouds (0/9)
Scrolls
 j - a scroll of teleportation
 n - a scroll of amnesia
 y - a scroll of immolation
 F - 2 scrolls of remove curse
 R - a scroll of enchant armour
Potions
 i - a potion of resistance
 k - 2 potions of curing
 s - 3 potions of brilliance
 u - 3 potions of flight
 A - 3 potions of magic
Books
 b - a book of Necromancy

   Spells                             Type                      Level
   a - Pain                           Necromancy                   1
   b - Animate Skeleton               Necromancy                   1
   c - Vampiric Draining              Necromancy                   3
   d - Regeneration                   Charms/Necromancy            3
   e - Animate Dead                   Necromancy                   4
   f - Control Undead                 Necromancy                   4
 p - Kikubaaqudgha's Volume of Black Rituals
   (Kikubaaqudgha gifted it to you on level 9 of the Dungeon)

   Spells                             Type                      Level
   a - Excruciating Wounds            Charms/Necromancy            5
   b - Agony                          Necromancy                   5
   c - Cigotuvi's Embrace             Necromancy                   5
   d - Dispel Undead                  Necromancy                   5
   e - Simulacrum                     Ice/Necromancy               6
 B - a book of Conjurations

   Spells                             Type                      Level
   a - Magic Dart                     Conjuration                  1
   b - Searing Ray                    Conjuration                  2
   c - Dazzling Spray                 Conjuration/Hexes            3
   d - Fulminant Prism                Conjuration/Hexes            4
   e - Force Lance                    Conjuration/Translocation    4
   f - Iskenderun's Mystic Blast      Conjuration                  4
 E - Kikubaaqudgha's Papyrus of Evil Arts
   (Kikubaaqudgha gifted it to you in an ossuary)

   Spells                             Type                      Level
   a - Animate Skeleton               Necromancy                   1
   b - Corpse Rot                     Necromancy                   2
   c - Sublimation of Blood           Necromancy                   2
   d - Regeneration                   Charms/Necromancy            3
   e - Control Undead                 Necromancy                   4
 L - a book of Minor Magic

   Spells                             Type                      Level
   a - Magic Dart                     Conjuration                  1
   b - Blink                          Translocation                2
   c - Call Imp                       Summoning                    2
   d - Slow                           Hexes                        2
   e - Conjure Flame                  Conjuration/Fire             3
   f - Mephitic Cloud                 Conjuration/Poison/Air       3
Comestibles
 a - 6 chunks of flesh
 c - 5 bread rations
 m - 3 meat rations
 z - 2 royal jellies


   Skills:
 - Level 10.0 Fighting
 - Level 7.4 Armour
 - Level 1.5 Dodging
 - Level 1.5 Stealth
 + Level 2.2 Spellcasting
 + Level 11.7 Necromancy


You had 4 spell levels left.
You knew the following spells:

 Your Spells              Type           Power        Failure   Level  Hunger
a - Pain                  Necr           ####         1%          1    #......
b - Animate Skeleton      Necr           N/A          1%          1    #......
c - Vampiric Draining     Necr           ######....   1%          3    ###....
d - Control Undead        Necr           ######....   1%          4    #####..


Dungeon Overview and Level Annotations

Branches:
Dungeon (9/15)             Temple (1/1) D:6            Lair (0/6) D:9
    Orc: D:9-12

Altars:
Ashenzari
Cheibriados
Dithmenos
Elyvilon
Fedhas
Gozag
Hepliaklqana
Kikubaaqudgha
Makhleb
Nemelex Xobeh
Okawaru
Qazlal
Ru
Sif Muna
Trog
Uskayaw
Vehumet
Wu Jian
Xom
Yredelemnul
Zin
The Shining One

Shops:
D:7 [

Annotations:
D:3 exclusion: downstairs
D:4 exclusion: downstairs
D:6 exclusion: downstairs


Innate Abilities, Weirdness & Mutations

You have a pair of small horns on your head.
You possess an exceptional clarity of mind.
Your body sometimes deteriorates upon taking damage.
You are resistant to electric shocks. (rElec)
You evolve.


Message History

Confirm with . or Enter, or press ? or * to list all spells.
You can't see any susceptible monsters within range! (Use Z to cast anyway.)
The yak dies!
Kikubaaqudgha accepts your kill. The yak misses your hungry ghost.
Your hobgoblin skeleton hits the yak but does no damage.
Your hungry ghost barely misses the yak.
What are your orders? t - Shout!
Orders for allies: a - Attack new target. r - Retreat! s - Stop attacking. g - Guard the area. f - Follow me.
Anything else - Cancel.
Gang up on whom?
Press: ? - help, Dir - move target cursor, f - yak
Aim: a yak (lightly wounded) Attack!
The yak misses you.
Your bullfrog hits the yak! The yak gores you!
You die...
Kikubaaqudgha rasps: "You have failed me!
Welcome... death!"

.........≈≈≈≈≈.≈≈≈..≈..
#.........≈≈≈≈≈.≈≈≈≈....
#.........≈≈≈.≈.≈≈≈≈≈≈..
#..........≈≈.[.≈≈≈≈....
#...........≈...≈≈...≈..
........................
..........y.............
........Y.F......[......
.......@Y........
#............)..........
#...........)...........
#.......................
.....................


You could see 3 yaks, a friendly hungry ghost, a friendly hornet, a friendly
bullfrog and a friendly hobgoblin skeleton.

Vanquished Creatures
  A two-headed ogre (D:8)
  A troll (D:9)
  2 hippogriffs (D:9)
  2 yaks (D:9)
  3 orc warriors
  4 sky beasts
  2 black bears
  A phantom (D:5)
  4 ogres
  3 wolves (D:9)
  A centaur (D:6)
  2 bullfrogs
  5 scorpions
  2 electric eels (D:9)
  A howler monkey (D:5)
  A crimson imp (D:5)
  2 centaur zombies
  3 bullfrog zombies
  A human zombie (Ossuary)
  7 hounds
  4 orc wizards
  Crazy Yiuf (D:2)
  2 orc priests (D:9)
  4 iguanas
  6 worker ants
  3 big kobold zombies (Ossuary)
  A hound zombie (D:6)
  A hound skeleton (D:6)
  3 mummies (Ossuary)
  Robin (D:2)
  11 gnolls
  7 adders
  2 scorpion zombies (Ossuary)
  An adder skeleton (D:9)
  4 worms
  3 leopard geckos
  12 orcs
  3 giant cockroaches
  A gnoll zombie (Ossuary)
  11 goblins
  13 hobgoblins
  3 jackals (D:7)
  A quokka (D:2)
  A ball python (D:1)
  7 bats
  4 frilled lizards
  5 hobgoblin zombies (Ossuary)
  11 kobolds
  A leopard gecko skeleton (D:7)
  3 orc zombies (Ossuary)
  A quokka skeleton (D:7)
  A quokka zombie (D:6)
  8 rats
  A rat zombie (D:6)
189 creatures vanquished.

Vanquished Creatures (collateral kills)
  A two-headed ogre (D:8)
  2 hippogriffs
  A yak (D:9)
  A water moccasin (D:9)
  An orc warrior (D:8)
  A sky beast (D:8)
  A phantom (D:9)
  2 scorpions (Ossuary)
  2 electric eels (D:9)
  A gnoll shaman (D:9)
  A hound (D:8)
  2 worker ants
  3 orc wizards
  3 gnolls (D:9)
  An adder (D:9)
  A scorpion zombie (Ossuary)
  2 worms
  A dart slug (D:2)
  3 orcs
  A giant cockroach (D:1)
  A goblin (D:1)
  A quokka (D:8)
  2 bats (D:3)
  2 kobolds (D:2)
  A rat (D:1)
38 creatures vanquished.

Vanquished Creatures (others)
  4 scorpions (Ossuary)
4 creatures vanquished.

Grand Total: 231 creatures vanquished

Notes
Turn   | Place    | Note
-------+----------+-------------------------------------------
     0 | D:1      | grindst0ne the Hill Orc Necromancer began the quest for the Orb.
     0 | D:1      | Reached XP level 1. HP: 14/14 MP: 3/3
   280 | D:1      | Reached skill level 1 in Fighting
   358 | D:1      | Reached XP level 2. HP: 22/23 MP: 1/4
   373 | D:1      | Learned a level 1 spell: Animate Skeleton
  1212 | D:2      | Reached XP level 3. HP: 24/29 MP: 0/5
  1293 | D:2      | Found a sparkling altar of Nemelex Xobeh.
  1384 | D:2      | Noticed Robin
  1409 | D:2      | Killed Robin
  1419 | D:2      | Reached XP level 4. HP: 21/37 MP: 1/6
  1716 | D:2      | Found an iron altar of Okawaru.
  1826 | D:2      | Found a runed door.
  1830 | D:2      | Noticed Crazy Yiuf
  1851 | D:2      | Killed Crazy Yiuf
  1851 | D:2      | Reached skill level 5 in Necromancy
  2395 | D:2      | Reached XP level 5. HP: 46/46 MP: 7/7
  2721 | D:3      | Learned a level 3 spell: Vampiric Draining
  3291 | D:4      | Noticed an ogre
  3731 | D:4      | Reached XP level 6. HP: 40/53 MP: 8/8
  4172 | D:4      | Reached skill level 5 in Fighting
  4203 | D:5      | Entered Level 5 of the Dungeon
  4234 | D:5      | Noticed a phantom
  4234 | D:5      | Noticed a sky beast
  4263 | D:5      | Killed a sky beast
  4263 | D:5      | Reached skill level 6 in Necromancy
  4294 | D:5      | Killed a phantom
  4294 | D:5      | Reached XP level 7. HP: 36/62 MP: 5/9
  4331 | D:5      | Found a blossoming altar of Fedhas.
  4332 | D:5      | Found a glowing golden altar of the Shining One.
  4333 | D:5      | Found a shimmering altar of Xom.
  4706 | D:5      | Reached skill level 7 in Necromancy
  4776 | D:5      | Found a burning altar of Makhleb.
  4819 | D:5      | Found Pymefeck's Book Boutique.
  4908 | D:6      | Learned a level 4 spell: Control Undead
  4916 | D:6      | Found a staircase to the Ecumenical Temple.
  4944 | Temple   | Entered the Ecumenical Temple
  4995 | Temple   | Became a worshipper of Kikubaaqudgha
  5249 | D:6      | Found a sand-covered staircase.
  5262 | Ossuary  | Entered an ossuary
  5330 | Ossuary  | Reached XP level 8. HP: 40/73 MP: 4/10
  5742 | Ossuary  | Reached * piety under Kikubaaqudgha
  5742 | Ossuary  | Identified Kikubaaqudgha's Papyrus of Evil Arts (Kikubaaqudgha gifted it to you in an ossuary)
  5742 | Ossuary  | Received a gift from Kikubaaqudgha
  6016 | Ossuary  | Reached skill level 8 in Necromancy
  6216 | D:6      | Got a pitted tin ring
  6221 | D:6      | Identified the ring "Huus" {rPois MP+9 Int+4 Dex+5} (You found it on level 6 of the Dungeon)
  6283 | D:6      | Found a stormy altar of Qazlal.
  6696 | D:7      | Found a shattered altar of Ashenzari.
  6761 | D:7      | Reached skill level 9 in Necromancy
  6761 | D:7      | Reached XP level 9. HP: 67/84 MP: 11/11
  7471 | D:7      | Found Ruynalui's Antique Armour Shoppe.
  7486 | D:7      | Reached skill level 10 in Fighting
  7502 | D:7      | Bought a transparent hat for 288 gold pieces
  7512 | D:7      | Identified the +1 hat of the Lair of Beasts {Regen+ Str+4} (You bought it in a shop on level 7 of the Dungeon)
  7665 | D:8      | Noticed a two-headed ogre
  7803 | D:7      | Identified a scroll of acquirement
  7861 | D:7      | Gained mutation: You evolve. [potion of mutation]
  7861 | D:7      | Gained mutation: Your magical capacity is low. (-10% MP) [potion of mutation]
  7861 | D:7      | Gained mutation: You possess an exceptional clarity of mind. [potion of mutation]
  7873 | D:8      | Killed a two-headed ogre
  7873 | D:8      | Reached skill level 10 in Necromancy
  8005 | D:8      | Noticed a two-headed ogre
  8013 | D:8      | Killed a two-headed ogre
  8085 | D:8      | Reached ** piety under Kikubaaqudgha
  8104 | D:8      | Reached skill level 5 in Armour
  8104 | D:8      | Reached XP level 10. HP: 93/93 MP: 11/11
  8437 | D:8      | Found a deep blue altar of Sif Muna.
  8538 | D:9      | Reached skill level 11 in Necromancy
  8550 | D:9      | Gained mutation: Your body sometimes deteriorates upon taking damage. [evolution]
  8580 | D:9      | Found a staircase to the Lair.
  8675 | D:9      | Lost mutation: Your magical capacity is low. (-10% MP) [mutagenic meat]
  8676 | D:9      | Gained mutation: You are resistant to electric shocks. (rElec) [mutagenic meat]
  8677 | D:9      | Gained mutation: You have a pair of small horns on your head. [mutagenic meat]
  8736 | D:9      | Found a shadowy altar of Dithmenos.
  8822 | D:9      | Reached *** piety under Kikubaaqudgha
  8822 | D:9      | Identified Kikubaaqudgha's Volume of Black Rituals (Kikubaaqudgha gifted it to you on level 9 of the Dungeon)
  8822 | D:9      | Received a gift from Kikubaaqudgha
  9159 | D:9      | HP: 4/93 [yak (10)]
  9166 | D:9      | Slain by a yak

Vault maps used:
D:1:      lemuel_arrival_tunnels, hangedman_abyss_or_decor_lesser_grid,
          kennysheep_crisscross, dk_noncrumbling_3, serial_bayou_lake_a
D:2:      nemelex_xobeh_ov_fountains_minmay, okawaru_altar_gauntlet_db,
          uniq_crazy_yiuf_cottage, uniq_robin
D:4:      minmay_small_thing
D:5:      gammafunk_temple_overflow_forgotten, first_bread, serial_shops,
          kennysheep_little_box, makhleb_blood_cavern_becter
D:6:      old_standard_altar, temple_pool_b, enter_ossuary_4
D:7:      ashenzari_conservatory_becter, serial_shops, nicolae_shop_statue_plus,
          minmay_strange_pillars
D:8:      kennysheep_mini
D:9:      nicolae_overflow_crystal_walls, erik_lair_island, hangedman_ranch
Temple:   zaba_magenta_temple
Ossuary:  ossuary_minmay_scorpions

Skill      XL: |  1  2  3  4  5  6  7  8  9 10 |
---------------+-------------------------------+-----
Fighting       | 1 2 3 4 5 7 9 10 | 10.0
Necromancy     | 5 6 7 9 10 11 | 11.7
Armour         | 5 7 |  7.4
Spellcasting   | 2 |  2.2
Dodging        | |  1.5
Stealth        | |  1.5

Action                   |  1- 3 |  4- 6 |  7- 9 | 10-12 || total
-------------------------+-------+-------+-------+-------++-------
Melee: Mace              |    87 |    81 |   160 |       ||   328
       Morningstar       |       |    36 |    83 |    97 ||   216
       Headbutt          |       |       |       |     4 ||     4
 Cast: Pain              |    20 |    67 |    84 |    12 ||   183
       Animate Skeleton  |     9 |    13 |    17 |    17 ||    56
       Vampiric Draining |       |     2 |    13 |    14 ||    29
       Control Undead    |       |       |     5 |       ||     5
Invok: Receive Corpses   |       |       |     2 |     1 ||     3
Evoke: Wand              |       |       |     1 |       ||     1
  Use: Potion            |       |     2 |     8 |     3 ||    13
       Scroll            |       |       |    15 |     5 ||    20
 Stab: Sleeping          |     3 |       |     2 |       ||     5
       Distracted        |       |       |     1 |     3 ||     4
  Eat: Chunk             |     2 |     7 |    15 |     7 ||    31
       Bread ration      |       |     1 |     1 |       ||     2
Armor: Robe              |    11 |       |       |       ||    11
       Leather armour    |    49 |    70 |    42 |       ||   161
       Ring mail         |       |       |   176 |    98 ||   274
Dodge: Dodged            |   105 |   114 |   191 |   111 ||   521
